 Dungeon Crawl Stone Soup version 0.31-a0-198-g2ad674f65e (webtiles) character file.

Game seed: 7262405112191575232

65 qw the Shooter (level 3, -1/20 HPs)
             Began as a Deep Elf Hunter on June 25, 2023.
             Slain by a gnoll
             ... wielding a +0 whip
             ... led by a gnoll bouda
              (6 damage)
             ... on level 3 of the Dungeon.
             The game lasted 00:00:33 (1174 turns).

qw the Shooter (Deep Elf Hunter)                    Turns: 1174, Time: 00:00:34

Health: -1/20      AC:  7    Str: 10    XL:     3   Next: 92%
Magic:  5/5        EV: 11    Int: 13    God:
Gold:   50         SH:  5    Dex: 18    Spells: 2/2 levels left

rFire   . . .        Y - +0 shortbow
rCold   . . .        (shield currently unavailable)
rNeg    . . .        b - +0 ring mail
rPois   .            d - +0 helmet
rElec   .            (no cloak)
rCorr   .            h - +0 pair of gloves
SInv    .            (no boots)
Will    .....        f - amulet of reflection
Stlth   +            (no ring)
HPRegen 0.23/turn    (no ring)
MPRegen 0.09/turn

%: reflection
@: no status effects
A: no striking features
a: no special abilities


You were on level 3 of the Dungeon.
You visited 1 branch of the dungeon, and saw 3 of its levels.

You collected 50 gold pieces.


   Skills:
 - Level 1.5 Fighting
 + Level 7.4 Ranged Weapons
 - Level 2.4 Dodging
 - Level 1.2 Stealth


You had 2 spell levels left.
You didn't know any spells.
Your spell library was empty.

Inventory:

Hand Weapons
 Y - a +0 shortbow (weapon)
Armour
 b - a +0 ring mail (worn)
 d - a +0 helmet (worn)
 h - a +0 pair of gloves (worn)
Jewellery
 f - an amulet of reflection (around neck)
Scrolls
 a - a scroll of identify
Potions
 e - a potion of cancellation
 g - a potion of curing {unknown}

Dungeon Overview and Level Annotations

Branches:
Dungeon (3/15)

Altars:
Sif Muna


Message History

You shoot an arrow. The arrow hits the giant cockroach!
You kill the giant cockroach!
You see here a giant cockroach corpse. 2 gnolls and a hobgoblin come into view.
The gnoll shouts! x2; You hear a shout! x2
A gnoll bouda comes into view. It is wielding a +0 whip.
The gnoll moves out of view.
The hobgoblin moves out of view.
Enter note:
Enter note:
1166 ||| Stepping ~*~*~tactically~*~*~ (outnumbered).
A gnoll bouda and a goblin come into view.
The goblin shouts!
The hobgoblin shouts!
You hear an angry hiss.
The gnoll bouda barks out a call to the hunt!
The gnoll picks up the pace!
A gnoll comes into view. It is wielding a +0 flail.
1168 ||| Stepping ~*~*~tactically~*~*~ (outnumbered).
You shoot an arrow. The arrow hits the goblin.
You kill the goblin!
You hear a shout!
1170 ||| Stepping ~*~*~tactically~*~*~ (outnumbered).
A ball python comes into view.
The gnoll hits you from afar with a +0 halberd.
Enter note:
Enter note: You shoot an arrow.
The arrow barely misses the gnoll.
A gnoll comes into view. It is wielding a +0 whip.
You block the gnoll's attack.
The gnoll moves out of view.
You shoot an arrow. The arrow hits the gnoll.
The gnoll is lightly wounded.
A gnoll comes into view. It is wielding a +0 whip.
The gnoll hits you from afar with a +0 halberd!
Ouch! That really hurt!
You shoot an arrow. The arrow hits the ball python.
You kill the ball python!
The gnoll barely misses you.
You shoot an arrow. The arrow closely misses the gnoll.
The arrow hits the gnoll!
The gnoll is heavily wounded.
The gnoll hits you with a +0 whip.
You die...

## .#
#.... ..
.#
.........
.#### ...
g..#
.....
..#.g)#
.###.
##.. .g#
.# .g.
.g# <#
#g##g# ##
#.@..# .#
#.#####.#
.#
#.......#
.#
#######.#
.. #.#
..# #.#
... ##.##
#.##
###...##
#.#
#..%.#.#


You could see a gnoll bouda and 2 gnolls.

Vanquished Creatures
  A worm (D:2)
  3 dart slugs
  2 endoplasms (D:1)
  4 giant cockroaches
  5 goblins
  A hobgoblin (D:2)
  10 jackals
  8 kobolds
  4 quokkas (D:1)
  6 ball pythons
  3 bats (D:2)
  2 rats
49 creatures vanquished.

Notes
Turn   | Place    | Note
-------+----------+-------------------------------------------
     0 | D:1      | qw the Deep Elf Hunter began the quest for the Orb.
     0 | D:1      | Reached XP level 1. HP: 12/12 MP: 3/3
     0 | D:1      | 0 ||| qw: Version: 0.3-a-22-g0ed2b0b
     0 | D:1      | 0 ||| qw: Game counter: 5202
     0 | D:1      | 0 ||| qw: Melee chars always use a shield: true
     0 | D:1      | 0 ||| qw: God list: Okawaru
     0 | D:1      | 0 ||| qw: Allow faded altars: false
     0 | D:1      | 0 ||| qw: Do Orc after clearing Dungeon:15 true
     0 | D:1      | 0 ||| qw: Do second Lair branch before Depths: true
     0 | D:1      | 0 ||| qw: Lair rune preference: random
     0 | D:1      | 0 ||| qw: Goals: Normal
     0 | D:1      | 0 ||| PLANNING D:1-11
    77 | D:1      | Reached skill level 6 in Ranged Weapons
    77 | D:1      | Reached XP level 2. HP: 14/16 MP: 4/4
   352 | D:1      | Reached XP level 3. HP: 20/20 MP: 5/5
   401 | D:1      | Found a faded altar of an unknown god.
   562 | D:1      | 562 ||| UPGRADING to +0 pair of gloves.
   567 | D:1      | 567 ||| READING scroll labelled DICEFA YGGAUTRU.
   568 | D:1      | 568 ||| READING scroll labelled ZEAMIMM YXIDU.
   569 | D:1      | 569 ||| READING scroll labelled SOUXIF DUD YST.
   572 | D:1      | 572 ||| READING scroll labelled VYRUZE JAGIX VUPT.
   573 | D:1      | 573 ||| DROPPING scroll of butterflies.
   675 | D:2      | Reached skill level 7 in Ranged Weapons
   902 | D:2      | 902 ||| FLEEEEING.
   903 | D:2      | 903 ||| FLEEEEING.
  1012 | D:2      | 1012 ||| UPGRADING to +0 ring mail.
  1022 | D:2      | 1022 ||| DROPPING +0 leather armour.
  1023 | D:2      | 1023 ||| UPGRADING to +0 helmet.
  1028 | D:2      | 1028 ||| UPGRADING to amulet of reflection.
  1033 | D:2      | 1033 ||| DROPPING ring of wizardry.
  1034 | D:2      | 1034 ||| READING scroll labelled QIOSEZ OTISAKK.
  1035 | D:2      | 1035 ||| DRINKING 2 purple potions.
  1036 | D:2      | 1036 ||| DRINKING 3 lumpy inky potions.
  1037 | D:2      | 1037 ||| DROPPING 2 potions of attraction.
  1135 | D:3      | Found a shimmering blue altar of Sif Muna.
  1166 | D:3      | 1166 ||| Stepping ~*~*~tactically~*~*~ (outnumbered).
  1168 | D:3      | 1168 ||| Stepping ~*~*~tactically~*~*~ (outnumbered).
  1170 | D:3      | 1170 ||| Stepping ~*~*~tactically~*~*~ (outnumbered).
  1172 | D:3      | HP: 5/20 [gnoll/+0 halberd[a gnoll bouda] (11)]
  1174 | D:3      | Slain by a gnoll

Levels and vault maps discovered:
D:1:      tarquinn_simple_flora_water_c, layout_basic,
          hellmonk_ecumenical_altar_leap_of_faith
D:2:      layout_basic, ebering_dispersal_statue_hall
D:3:      layout_loops_cross, general_overflow_altar, nicolae_grassy_gnolls

Skill      XL: |  1  2  3 |
---------------+----------+-----
Ranged Weapons | 6 7 |  7.4
Fighting       | |  1.5
Dodging        | |  2.4
Stealth        | |  1.2

Action                     || total
---------------------------++-------
   Fire: Shortbow          ||   114
    Use: Scroll            ||     5
         Potion            ||     2
 Armour: Leather armour    ||    12
  Dodge: Dodged            ||    31
  Block: Other             ||     1

Table legend:
 A = Non-vault XP
 B = Vault XP
 C = Vault XP percentage of total XP
 D = Non-vault monster count
 E = Vault monster count
 F = Vault count percentage of total count
                 A         B        C        D         E       F
            +---------+---------+-------+---------+---------+-------
      Total |      93 |       0 |   0.0 |      49 |       0 |   0.0
            +---------+---------+-------+---------+---------+-------
        D:1 |      48 |       0 |   0.0 |      26 |       0 |   0.0
        D:2 |      35 |       0 |   0.0 |      18 |       0 |   0.0
        D:3 |      10 |       0 |   0.0 |       5 |       0 |   0.0
            +---------+---------+-------+---------+---------+-------
